Devils vs Sound Tigers
(R1)
Created - December 26, 2021 at 23:16
Goals
|
Devils |
0 |
1 |
1 |
2 |
Sound Tigers |
0 |
0 |
4 |
4 |
|
Shots
|
Devils |
8 |
13 |
11 |
32 |
Sound Tigers |
10 |
6 |
10 |
26 |
|
1st period
No Goal
Penalties :
Borna Rendulic (BRI) for Boarding (Minor) at 11:15, Dalton Thrower (Bin) for Tripping (Minor) at 15:41
2nd period
1. Devils , Darren Dietz 1 (Joonas Donskoi 7) at 16:40
Penalties :
Reid Boucher (Bin) for Hooking (Minor) at 3:36, Ben Thomson (BRI) for Tripping (Minor) at 7:26, Joonas Donskoi (Bin) for Slashing (Minor) at 11:56, Ben Thomson (BRI) for Hooking (Minor) at 13:10
3rd period
2. Sound Tigers , Pavel Kraskovsky 2 (Ben Thomson 3, James Livingstone 1) at 10:44 (PP)
3. Sound Tigers , Borna Rendulic 2 (Connor Murphy 6) at 10:54
4. Devils , Sam Bennett 3 (Sven Baertschi 3, Logan Shaw 7) at 12:52 (PP)
5. Sound Tigers , James Livingstone 3 (Dylan McIlrath 4, Pavel Kraskovsky 3) at 18:07
6. Sound Tigers , Ryan Bourque 2 (James Sheppard 3, Borna Rendulic 4) at 19:31 (Empty Net)
Penalties :
Sven Baertschi (Bin) for Slashing (Minor) at 1:18, Dylan McIlrath (BRI) for Roughing (Minor) at 7:58, Jonny Brodzinski (Bin) for Tripping (Minor) at 10:20, Ryan Bourque (BRI) for Tripping (Minor) at 12:48
Goalie Stats
Calvin Pickard (Bin), 22 saves from 25 shots - (0.880), L, 3-2-0, 59:20 minutes
Pavel Francouz (BRI), 30 saves from 32 shots - (0.938), W, 3-3-1, 60:00 minutes
Players Stats for Devils
Player Name G A P +/- PIM S H SB GA TA FO MP PP MP PK MP
------------------------------------------------------------------------------------
Alan Quine 0 0 0 1 0 3 0 0 0 0 4/9 18:20 3:23 2:50
Ben Hutton 0 0 0 -2 0 0 1 1 0 0 0/0 27:32 4:27 4:04
Brandon Carlo 0 0 0 -2 0 0 4 0 0 1 0/0 27:32 4:27 4:04
Brett Howden 0 0 0 0 0 0 0 0 0 0 0/2 7:14 0:00 0:00
Brett Seney 0 0 0 -1 0 1 0 0 2 0 0/0 13:17 0:10 1:31
Christian Wolanin 0 0 0 0 0 0 1 0 0 0 0/0 4:55 0:00 0:34
Conor Garland 0 0 0 -1 0 0 1 0 0 1 0/0 10:45 0:00 0:00
Cristiano Digiacinto 0 0 0 0 0 0 0 0 0 0 0/0 0:41 0:00 0:25
Dalton Thrower 0 0 0 0 2 4 1 1 0 2 0/0 18:54 2:48 2:11
Darren Dietz 1 0 1 0 0 2 2 2 1 0 0/0 20:04 2:48 3:20
Ilya Lyubushkin 0 0 0 0 0 1 0 0 0 1 0/0 7:52 0:00 0:00
Jake Bean 0 0 0 0 0 0 0 0 0 0 0/0 3:24 0:00 0:00
Jonny Brodzinski 0 0 0 0 2 0 0 0 0 0 0/0 7:13 0:00 0:00
Joonas Donskoi 0 1 1 1 2 2 1 0 1 2 1/1 14:31 3:23 0:00
Logan Shaw 0 1 1 -2 0 3 1 0 0 1 1/1 18:02 3:52 0:00
Mason Marchment 0 0 0 0 0 1 0 0 0 0 0/0 7:14 0:00 0:00
Reid Boucher 0 0 0 -1 2 1 0 0 1 0 3/6 12:22 0:12 0:17
Robbie Russo 0 0 0 0 0 1 1 0 1 0 0/0 9:46 0:00 0:57
Sam Bennett 1 0 1 -2 0 5 2 1 0 2 18/38 22:36 3:40 4:10
Sven Baertschi 0 1 1 -2 2 7 0 0 0 0 0/1 21:57 3:42 3:12
Valeri Nichushkin 0 0 0 1 0 1 1 0 0 0 0/1 17:24 3:23 2:45
Players Stats for Sound Tigers
Player Name G A P +/- PIM S H SB GA TA FO MP PP MP PK MP
------------------------------------------------------------------------------------
Alexander Yelesin 0 0 0 0 0 0 0 0 0 0 0/0 11:31 0:00 1:14
Ben Johnson 0 0 0 0 0 1 1 0 0 0 0/1 6:55 0:00 0:38
Ben Thomson 0 1 1 1 4 2 1 0 0 0 0/1 16:55 3:25 1:34
Blake Speers 0 0 0 0 0 0 0 0 0 0 0/0 0:20 0:05 0:00
Borna Rendulic 1 1 2 2 2 2 2 1 2 0 0/0 22:12 4:04 2:41
Brad Ross 0 0 0 0 0 0 2 0 0 0 0/0 7:25 0:00 1:05
Brandon Gignac 0 0 0 0 0 0 0 0 0 0 0/0 2:37 0:00 2:10
Connor Murphy 0 1 1 2 0 3 3 3 0 0 0/0 29:03 3:44 4:25
David Broll 0 0 0 0 0 0 0 0 0 0 0/0 0:00 0:00 0:00
Dylan McIlrath 0 1 1 2 2 1 3 0 0 1 0/0 27:48 3:44 3:11
Gabriel Carlsson 0 0 0 0 0 1 0 1 0 1 0/0 9:54 0:00 0:00
Garret Pilon 0 0 0 0 0 0 0 0 0 0 0/0 0:53 0:19 0:15
James Livingstone 1 1 2 1 0 2 0 1 3 0 3/3 17:16 3:26 2:16
James Sheppard 0 1 1 2 0 0 0 1 4 0 3/9 23:26 4:04 3:51
Josh Archibald 0 0 0 0 0 0 0 0 0 0 0/0 6:36 0:05 0:00
Julian Melchiori 0 0 0 0 0 2 3 3 0 0 0/0 21:03 3:51 2:50
Pavel Kraskovsky 1 1 2 1 0 1 4 1 0 0 6/11 14:53 3:26 0:00
Rhett Gardner 0 0 0 -1 0 0 0 1 0 1 7/10 11:10 0:00 0:00
Ryan Bourque 1 0 1 2 2 1 2 3 0 1 13/23 18:35 3:50 0:00
Scott Glennie 0 0 0 -1 0 3 0 0 1 1 0/0 11:10 0:00 0:00
Slater Koekkoek 0 0 0 0 0 2 1 2 0 1 0/0 21:03 3:51 2:50
Tyrell Goulbourne 0 0 0 -1 0 5 0 1 0 0 0/1 11:10 0:00 0:00
3 Stars
1 - Pavel Kraskovsky (BRI)
2 - Borna Rendulic (BRI)
3 - James Livingstone (BRI)
Power Play
Devils - 1 on 5 Attempt(s) - 20.00%
Sound Tigers - 1 on 5 Attempt(s) - 20.00%
Penalty Kill
Devils - 4 on 5 Attempt(s) - 80.00%
- Score 0 goal in Penalty Kill
Sound Tigers - 4 on 5 Attempt(s) - 80.00%
- Score 0 goal in Penalty Kill
Team Stat
Devils - Hits : 16 - Faceoff Wins : 27 - Blocked Shots : 5 - Penalty Minutes : 10
Sound Tigers - Hits : 22 - Faceoff Wins : 32 - Blocked Shots : 18 - Penalty Minutes : 10
Official
Referees : Beaudry Halkidis and Francis Charron
Linesman : Shandor Alphonso and Andrew Smith
Game Notes
Ryan Bourque has scored in a empty net!
Finance
Level 1 -- Attendance: 1810 (90.50%) -- Ticket Income $63,350
Level 2 -- Attendance: 998 (99.80%) -- Ticket Income $14,970
Total Attendance: 2808 (93.60%)
Total Ticket Income: $78,320
Other Income: $3,916
Total Income: $82,236
Devils
5 vs 5 Forward
Center Left Wing Right Wing Time % Phy DF OF
1 Sam Bennett Sven Baertschi Logan Shaw 40 0 2 3
2 Alan Quine Valeri Nichushkin Joonas Donskoi 30 0 2 3
3 Reid Boucher Brett Seney Conor Garland 20 0 2 3
4 Brett Howden Mason Marchment Jonny Brodzinski 10 0 2 3
5 vs 5 Defense
Defense Defense Time % Phy DF OF
1 Brandon Carlo Ben Hutton 40 0 3 2
2 Darren Dietz Dalton Thrower 30 0 3 2
3 Ilya Lyubushkin Robbie Russo 20 0 3 2
4 Christian Wolanin Jake Bean 10 0 3 2
PowerPlay Forward
Center Left Wing Right Wing Time % Phy DF OF
1 Sam Bennett Sven Baertschi Logan Shaw 60 0 1 4
2 Alan Quine Valeri Nichushkin Joonas Donskoi 40 0 1 4
PowerPlay Defense
Defense Defense Time % Phy DF OF
1 Brandon Carlo Ben Hutton 60 0 2 3
2 Darren Dietz Dalton Thrower 40 0 2 3
Penalty Kill 4 Players Forward
Center Wing Time % Phy DF OF
1 Sam Bennett Sven Baertschi 60 1 2 2
2 Alan Quine Valeri Nichushkin 40 1 2 2
Penalty Kill 4 Players Defense
Defense Defense Time % Phy DF OF
1 Brandon Carlo Ben Hutton 60 1 4 0
2 Darren Dietz Dalton Thrower 40 1 4 0
Penalty Kill - 3 Players Forward
Forward Time % Phy DF OF
1 Sam Bennett 60 1 3 1
2 Alan Quine 40 1 3 1
Penalty Kill - 3 Players Defense
Defense Defense Time % Phy DF OF
1 Brandon Carlo Ben Hutton 60 1 4 0
2 Darren Dietz Dalton Thrower 40 1 4 0
4 vs 4 Forward
Center Wing Time % Phy DF OF
1 Sam Bennett Sven Baertschi 60 0 2 3
2 Alan Quine Valeri Nichushkin 40 0 2 3
4 vs 4 Defense
Defense Defense Time % Phy DF OF
1 Brandon Carlo Ben Hutton 60 0 3 2
2 Darren Dietz Dalton Thrower 40 0 3 2
Last Minutes Offensive
Center Left Wing Right Wing Defense Defense
Sam Bennett Sven Baertschi Logan Shaw Brandon Carlo Ben Hutton
Last Minutes Defensive
Center Left Wing Right Wing Defense Defense
Sam Bennett Sven Baertschi Logan Shaw Brandon Carlo Ben Hutton
Goaltenders
Starting : Calvin Pickard
Backup : Juuse Saros
Extra Forwards
Normal : Valeri Nichushkin, Alan Quine, Reid Boucher - PP : Valeri Nichushkin, Alan Quine - PK : Valeri Nichushkin
Extra Defensemen
Normal : Robbie Russo, Christian Wolanin, Jake Bean - PP : Robbie Russo - PK : Robbie Russo, Christian Wolanin
Penalty Shots
Logan Shaw, Sven Baertschi, Sam Bennett, Joonas Donskoi, Valeri Nichushkin
Scratches
Vincent Desharnais (Healthy)
Sound Tigers
5 vs 5 Forward
Center Left Wing Right Wing Time % Phy DF OF
1 Ryan Bourque James Sheppard Borna Rendulic 40 1 2 2
2 Pavel Kraskovsky Ben Thomson James Livingstone 30 1 2 2
3 Rhett Gardner Tyrell Goulbourne Scott Glennie 20 1 2 2
4 Ben Johnson Brad Ross Josh Archibald 10 1 2 2
5 vs 5 Defense
Defense Defense Time % Phy DF OF
1 Connor Murphy Dylan McIlrath 40 1 2 2
2 Julian Melchiori Slater Koekkoek 30 1 2 2
3 Gabriel Carlsson Alexander Yelesin 20 1 2 2
4 Connor Murphy Dylan McIlrath 10 1 2 2
PowerPlay Forward
Center Left Wing Right Wing Time % Phy DF OF
1 Ryan Bourque James Sheppard Borna Rendulic 60 1 2 2
2 Pavel Kraskovsky Ben Thomson James Livingstone 40 1 2 2
PowerPlay Defense
Defense Defense Time % Phy DF OF
1 Connor Murphy Dylan McIlrath 60 1 2 2
2 Julian Melchiori Slater Koekkoek 40 1 2 2
Penalty Kill 4 Players Forward
Center Wing Time % Phy DF OF
1 James Sheppard Borna Rendulic 60 1 2 2
2 James Livingstone Ben Thomson 40 1 2 2
Penalty Kill 4 Players Defense
Defense Defense Time % Phy DF OF
1 Connor Murphy Dylan McIlrath 60 1 2 2
2 Julian Melchiori Slater Koekkoek 40 1 2 2
Penalty Kill - 3 Players Forward
Forward Time % Phy DF OF
1 James Sheppard 60 1 2 2
2 Borna Rendulic 40 1 2 2
Penalty Kill - 3 Players Defense
Defense Defense Time % Phy DF OF
1 Connor Murphy Dylan McIlrath 60 1 2 2
2 Julian Melchiori Slater Koekkoek 40 1 2 2
4 vs 4 Forward
Center Wing Time % Phy DF OF
1 James Sheppard Borna Rendulic 60 1 2 2
2 James Livingstone Ben Thomson 40 1 2 2
4 vs 4 Defense
Defense Defense Time % Phy DF OF
1 Connor Murphy Dylan McIlrath 60 1 2 2
2 Julian Melchiori Slater Koekkoek 40 1 2 2
Last Minutes Offensive
Center Left Wing Right Wing Defense Defense
Ryan Bourque James Sheppard Borna Rendulic Connor Murphy Dylan McIlrath
Last Minutes Defensive
Center Left Wing Right Wing Defense Defense
Ryan Bourque James Sheppard Borna Rendulic Connor Murphy Dylan McIlrath
Goaltenders
Starting : Pavel Francouz
Backup : Sean Maguire
Extra Forwards
Normal : Garret Pilon, Blake Speers, Brandon Gignac - PP : Garret Pilon, Blake Speers - PK : Brandon Gignac
Extra Defensemen
Normal : Gabriel Carlsson, Alexander Yelesin, Julian Melchiori - PP : Gabriel Carlsson - PK : Alexander Yelesin, Julian Melchiori
Penalty Shots
James Sheppard, Borna Rendulic, James Livingstone, Ben Thomson, Ryan Bourque
Scratches
Garret Ross (Healthy), Joe Labate (Healthy), Chris Driedger (Healthy)
% Time on Ice - Devils
Lines # - Real PCT - Wanted PCT - Time Play
Normal Forward
1 - 34% - 40% - 14:49
2 - 25% - 30% - 11:09
3 - 24% - 20% - 10:45
4 - 16% - 10% - 7:14
Normal Defense
1 - 43% - 40% - 19:03
2 - 31% - 30% - 13:38
3 - 18% - 20% - 7:52
4 - 8% - 10% - 3:24
PP Forward
1 - 53% - 60% - 3:52
2 - 47% - 40% - 3:23
PP Defense
1 - 61% - 60% - 4:27
2 - 39% - 40% - 2:48
PK Forward
1 - 80% - 60% - 6:04
2 - 20% - 40% - 1:31
PK Defense
1 - 56% - 60% - 4:15
2 - 44% - 40% - 3:20
PK3 Forward
1 - 0% - 60%
2 - 0% - 40%
PK3 Defense
1 - 0% - 60%
2 - 0% - 40%
44 Forward
1 - 84% - 60% - 0:38
2 - 16% - 40% - 0:07
44 Defense
1 - 60% - 60% - 0:27
2 - 40% - 40% - 0:18
Last Minute Offensive - 0:28
Last Minute Defensive - 0:00
Total
Forward - 60:00
Defense - 60:00
|
% Time on Ice - Sound Tigers
Lines # - Real PCT - Wanted PCT - Time Play
Normal Forward
1 - 34% - 40% - 15:01
2 - 26% - 30% - 11:30
3 - 25% - 20% - 11:10
4 - 14% - 10% - 6:16
Normal Defense
1 - 43% - 40% - 18:56
2 - 32% - 30% - 14:09
3 - 23% - 20% - 9:54
4 - 2% - 10% - 0:58
PP Forward
1 - 55% - 60% - 4:09
2 - 45% - 40% - 3:26
PP Defense
1 - 49% - 60% - 3:44
2 - 51% - 40% - 3:51
PK Forward
1 - 69% - 60% - 4:59
2 - 31% - 40% - 2:16
PK Defense
1 - 61% - 60% - 4:25
2 - 39% - 40% - 2:50
PK3 Forward
1 - 0% - 60%
2 - 0% - 40%
PK3 Defense
1 - 0% - 60%
2 - 0% - 40%
44 Forward
1 - 91% - 60% - 0:41
2 - 9% - 40% - 0:04
44 Defense
1 - 71% - 60% - 0:32
2 - 29% - 40% - 0:13
Last Minute Offensive - 0:00
Last Minute Defensive - 0:28
Total
Forward - 60:00
Defense - 60:00
|
Play-by-Play
1st period
0:01 of 1st period - Sam Bennett wins face-off versus Ryan Bourque in neutral zone.
0:16 of 1st period - Snap shot by Logan Shaw.
0:16 of 1st period - Shot Hit the Post.
0:57 of 1st period - Slapshot by Slater Koekkoek.
0:57 of 1st period - Deflect By Tyrell Goulbourne.
0:57 of 1st period - Shot Misses the Net.
0:57 of 1st period - Puck is out of play.
0:58 of 1st period - Sam Bennett wins face-off versus Ben Johnson in Devils zone.
1:11 of 1st period - Gabriel Carlsson is hit by Robbie Russo and loses puck.
1:56 of 1st period - Wrist shot by Ben Thomson.
1:56 of 1st period - Shot Misses the Net.
2:32 of 1st period - Brandon Carlo is hit by Brad Ross and loses puck.
2:41 of 1st period - Slapshot by Darren Dietz.
2:41 of 1st period - Stopped by Pavel Francouz with a rebound.
2:58 of 1st period - Icing by Darren Dietz.
2:59 of 1st period - Ryan Bourque wins face-off versus Reid Boucher in Devils zone.
3:29 of 1st period - Slapshot by Brett Seney.
3:29 of 1st period - Shot Misses the Net.
3:42 of 1st period - Snap shot by Brett Seney.
3:42 of 1st period - Shot Misses the Net.
3:54 of 1st period - Ben Hutton is hit by Dylan McIlrath.
4:02 of 1st period - Ryan Bourque is hit by Ben Hutton.
4:18 of 1st period - Snap shot by Reid Boucher.
4:18 of 1st period - Stopped by Pavel Francouz without a rebound.
4:19 of 1st period - Pavel Kraskovsky wins face-off versus Sven Baertschi in Sound Tigers zone.
4:46 of 1st period - Slater Koekkoek is hit by Brandon Carlo and loses puck.
4:53 of 1st period - Snap shot by Rhett Gardner.
4:53 of 1st period - Shot Misses the Net.
5:08 of 1st period - Snap shot by Ben Johnson.
5:08 of 1st period - Stopped by Calvin Pickard without a rebound.
5:09 of 1st period - James Livingstone wins face-off versus Sam Bennett in Devils zone.
5:43 of 1st period - Wrist shot by Alan Quine.
5:43 of 1st period - Stopped by Pavel Francouz without a rebound.
5:44 of 1st period - Joonas Donskoi wins face-off versus Pavel Kraskovsky in Sound Tigers zone.
5:58 of 1st period - Off-side.
5:59 of 1st period - Sam Bennett wins face-off versus Ryan Bourque in neutral zone.
6:24 of 1st period - Darren Dietz is hit by Dylan McIlrath and loses puck.
6:55 of 1st period - Off-side.
6:56 of 1st period - Rhett Gardner wins face-off versus Sam Bennett in neutral zone.
8:07 of 1st period - Off-side.
8:08 of 1st period - Pavel Kraskovsky wins face-off versus Sam Bennett in neutral zone.
11:06 of 1st period - Wrist shot by Sven Baertschi.
11:06 of 1st period - Stopped by Pavel Francouz without a rebound.
11:07 of 1st period - Sam Bennett wins face-off versus Ryan Bourque in Sound Tigers zone.
11:10 of 1st period - Slapshot by Sven Baertschi.
11:10 of 1st period - Stopped by Pavel Francouz without a rebound.
11:11 of 1st period - Sam Bennett wins face-off versus Ryan Bourque in Sound Tigers zone.
11:15 of 1st period - Minor Penalty to Borna Rendulic for Boarding.
11:16 of 1st period - James Sheppard wins face-off versus Sam Bennett in Sound Tigers zone.
11:28 of 1st period - Snap shot by Sven Baertschi.
11:28 of 1st period - Stopped by Pavel Francouz with a rebound.
11:30 of 1st period - Slapshot by Brandon Carlo.
11:30 of 1st period - Deflect By Logan Shaw.
11:30 of 1st period - Shot Misses the Net.
11:30 of 1st period - Puck is out of play.
11:31 of 1st period - James Sheppard wins face-off versus Sam Bennett in Sound Tigers zone.
12:02 of 1st period - Connor Murphy is hit by Brandon Carlo and loses puck.
13:15 of 1st period - Penalty to Borna Rendulic is over, Borna Rendulic is back on ice.
13:29 of 1st period - Snap shot by Tyrell Goulbourne.
13:29 of 1st period - Stopped by Calvin Pickard with a rebound.
13:31 of 1st period - Snap shot by Tyrell Goulbourne.
13:31 of 1st period - Stopped by Calvin Pickard with a rebound.
14:49 of 1st period - Sven Baertschi is hit by Dylan McIlrath and loses puck.
15:18 of 1st period - Robbie Russo is hit by Pavel Kraskovsky.
15:41 of 1st period - Minor Penalty to Dalton Thrower for Tripping.
15:42 of 1st period - Ryan Bourque wins face-off versus Sam Bennett in Devils zone.
15:54 of 1st period - Backhand shot by Borna Rendulic.
15:54 of 1st period - Shot Misses the Net.
15:56 of 1st period - Slapshot by Slater Koekkoek.
15:56 of 1st period - Stopped by Calvin Pickard with a rebound.
16:16 of 1st period - Slapshot by Connor Murphy.
16:16 of 1st period - Stopped by Calvin Pickard with a rebound.
16:18 of 1st period - Slapshot by Connor Murphy.
16:18 of 1st period - Shot Blocked by Darren Dietz.
17:41 of 1st period - Penalty to Dalton Thrower is over, Dalton Thrower is back on ice.
17:48 of 1st period - Icing by Jonny Brodzinski.
17:49 of 1st period - James Livingstone wins face-off versus Brett Howden in Devils zone.
17:58 of 1st period - Slapshot by Mason Marchment.
17:58 of 1st period - Stopped by Pavel Francouz with a rebound.
18:02 of 1st period - Snap shot by Valeri Nichushkin.
18:02 of 1st period - Stopped by Pavel Francouz without a rebound.
18:03 of 1st period - Alan Quine wins face-off versus Rhett Gardner in Sound Tigers zone.
18:36 of 1st period - Snap shot by Tyrell Goulbourne.
18:36 of 1st period - Stopped by Calvin Pickard without a rebound.
18:37 of 1st period - Ryan Bourque wins face-off versus Sam Bennett in Devils zone.
18:50 of 1st period - Slapshot by Connor Murphy.
18:50 of 1st period - Shot Blocked by Sam Bennett.
18:52 of 1st period - Slapshot by Dylan McIlrath.
18:52 of 1st period - Stopped by Calvin Pickard without a rebound.
18:53 of 1st period - Pavel Kraskovsky wins face-off versus Sam Bennett in Devils zone.
18:56 of 1st period - Snap shot by Ben Thomson.
18:56 of 1st period - Stopped by Calvin Pickard without a rebound.
18:57 of 1st period - Sam Bennett wins face-off versus Pavel Kraskovsky in Devils zone.
19:30 of 1st period - Borna Rendulic is hit by Brandon Carlo and loses puck.
19:43 of 1st period - Wrist shot by Connor Murphy.
19:43 of 1st period - Shot Blocked by Darren Dietz.
19:45 of 1st period - Slapshot by Scott Glennie.
19:45 of 1st period - Stopped by Calvin Pickard without a rebound.
19:46 of 1st period - Rhett Gardner wins face-off versus Sam Bennett in Devils zone.
19:49 of 1st period - Slapshot by Tyrell Goulbourne.
19:49 of 1st period - Stopped by Calvin Pickard with a rebound.
Goals for this period are 0 for Devils vs 0 for Sound Tigers.
Shots for this period are 8 for Devils vs 10 for Sound Tigers.
2nd period
0:01 of 2nd period - Ryan Bourque wins face-off versus Sam Bennett in neutral zone.
1:11 of 2nd period - Dalton Thrower is hit by Brad Ross and loses puck.
1:18 of 2nd period - Wrist shot by Brad Ross.
1:18 of 2nd period - Shot Misses the Net.
1:40 of 2nd period - Snap shot by Ryan Bourque.
1:40 of 2nd period - Shot Hit the Post.
2:37 of 2nd period - Slapshot by Connor Murphy.
2:37 of 2nd period - Stopped by Calvin Pickard without a rebound.
2:38 of 2nd period - Ryan Bourque wins face-off versus Sam Bennett in Devils zone.
2:41 of 2nd period - Wrist shot by Borna Rendulic.
2:41 of 2nd period - Stopped by Calvin Pickard without a rebound.
2:42 of 2nd period - Ryan Bourque wins face-off versus Sam Bennett in Devils zone.
3:19 of 2nd period - Wrist shot by Pavel Kraskovsky.
3:19 of 2nd period - Shot Blocked by Ben Hutton.
3:36 of 2nd period - Minor Penalty to Reid Boucher for Hooking.
3:37 of 2nd period - Ryan Bourque wins face-off versus Sam Bennett in Devils zone.
3:45 of 2nd period - Sven Baertschi is hit by Ryan Bourque and loses puck.
4:09 of 2nd period - Off-side.
4:10 of 2nd period - Alan Quine wins face-off versus Pavel Kraskovsky in neutral zone.
5:36 of 2nd period - Penalty to Reid Boucher is over, Reid Boucher is back on ice.
6:34 of 2nd period - Slapshot by Dalton Thrower.
6:34 of 2nd period - Stopped by Pavel Francouz without a rebound.
6:35 of 2nd period - Rhett Gardner wins face-off versus Brett Howden in Sound Tigers zone.
6:46 of 2nd period - Slapshot by Connor Murphy.
6:46 of 2nd period - Shot Misses the Net.
7:26 of 2nd period - Minor Penalty to Ben Thomson for Tripping.
7:27 of 2nd period - James Sheppard wins face-off versus Sam Bennett in Sound Tigers zone.
7:27 of 2nd period - James Sheppard is hit by Brandon Carlo.
7:39 of 2nd period - Dylan McIlrath is hit by Logan Shaw and loses puck.
9:04 of 2nd period - Slapshot by Julian Melchiori.
9:04 of 2nd period - Stopped by Calvin Pickard with a rebound.
9:26 of 2nd period - Penalty to Ben Thomson is over, Ben Thomson is back on ice.
9:36 of 2nd period - Snap shot by Tyrell Goulbourne.
9:36 of 2nd period - Shot Misses the Net.
10:42 of 2nd period - Joonas Donskoi is hit by Julian Melchiori and loses puck.
11:22 of 2nd period - Ben Thomson is hit by Christian Wolanin.
11:34 of 2nd period - Brandon Carlo is hit by Ben Johnson and loses puck.
11:56 of 2nd period - Minor Penalty to Joonas Donskoi for Slashing.
11:57 of 2nd period - Sam Bennett wins face-off versus James Sheppard in Devils zone.
11:57 of 2nd period - Sam Bennett is hit by Connor Murphy.
12:15 of 2nd period - Sam Bennett is hit by Borna Rendulic and loses puck.
12:34 of 2nd period - Sam Bennett is hit by Pavel Kraskovsky and loses puck.
12:56 of 2nd period - Off-side.
12:57 of 2nd period - Alan Quine wins face-off versus Pavel Kraskovsky in neutral zone.
12:59 of 2nd period - Off-side.
13:00 of 2nd period - Alan Quine wins face-off versus Ben Thomson in neutral zone.
13:10 of 2nd period - Minor Penalty to Ben Thomson for Hooking.
13:11 of 2nd period - Sam Bennett wins face-off versus James Sheppard in Sound Tigers zone.
13:11 of 2nd period - Snap shot by Sven Baertschi.
13:11 of 2nd period - Stopped by Pavel Francouz without a rebound.
13:12 of 2nd period - Sam Bennett wins face-off versus James Sheppard in Sound Tigers zone.
13:17 of 2nd period - Wrist shot by Sven Baertschi.
13:17 of 2nd period - Stopped by Pavel Francouz with a rebound.
13:56 of 2nd period - Penalty to Joonas Donskoi is over, Joonas Donskoi is back on ice.
15:10 of 2nd period - Penalty to Ben Thomson is over, Ben Thomson is back on ice.
16:21 of 2nd period - Wrist shot by Tyrell Goulbourne.
16:21 of 2nd period - Deflect By Jonny Brodzinski.
16:21 of 2nd period - Stopped by Calvin Pickard without a rebound.
16:22 of 2nd period - Rhett Gardner wins face-off versus Valeri Nichushkin in Devils zone.
16:23 of 2nd period - Snap shot by Scott Glennie.
16:23 of 2nd period - Shot Blocked by Dalton Thrower.
16:26 of 2nd period - Icing by Alan Quine.
16:27 of 2nd period - Rhett Gardner wins face-off versus Alan Quine in Devils zone.
16:38 of 2nd period - Snap shot by Joonas Donskoi.
16:38 of 2nd period - Stopped by Pavel Francouz with a rebound.
16:40 of 2nd period - Slapshot by Darren Dietz.
16:40 of 2nd period - Goal by Darren Dietz - Devils : 1 - Sound Tigers : 0.
16:41 of 2nd period - Sam Bennett wins face-off versus Ryan Bourque in neutral zone.
16:52 of 2nd period - Ben Hutton is hit by Connor Murphy and loses puck.
17:12 of 2nd period - Wrist shot by Alan Quine.
17:12 of 2nd period - Shot Blocked by Pavel Kraskovsky.
17:14 of 2nd period - Slapshot by Dalton Thrower.
17:14 of 2nd period - Shot Blocked by James Livingstone.
17:16 of 2nd period - Slapshot by Dalton Thrower.
17:16 of 2nd period - Stopped by Pavel Francouz with a rebound.
17:32 of 2nd period - Wrist shot by Scott Glennie.
17:32 of 2nd period - Stopped by Calvin Pickard without a rebound.
17:33 of 2nd period - Sam Bennett wins face-off versus Rhett Gardner in Devils zone.
17:47 of 2nd period - Backhand shot by Slater Koekkoek.
17:47 of 2nd period - Deflect By Brandon Carlo.
17:47 of 2nd period - Stopped by Calvin Pickard with a rebound.
18:23 of 2nd period - Dalton Thrower is hit by Pavel Kraskovsky and loses puck.
18:59 of 2nd period - Snap shot by Dylan McIlrath.
18:59 of 2nd period - Deflect By Ben Thomson.
18:59 of 2nd period - Shot Misses the Net.
18:59 of 2nd period - Puck is out of play.
19:00 of 2nd period - Sam Bennett wins face-off versus James Sheppard in Devils zone.
19:11 of 2nd period - Slapshot by Logan Shaw.
19:11 of 2nd period - Shot Blocked by Ryan Bourque.
19:13 of 2nd period - Snap shot by Sven Baertschi.
19:13 of 2nd period - Shot Misses the Net.
19:15 of 2nd period - Slapshot by Ilya Lyubushkin.
19:15 of 2nd period - Shot Misses the Net.
19:17 of 2nd period - Wrist shot by Sam Bennett.
19:17 of 2nd period - Stopped by Pavel Francouz with a rebound.
19:19 of 2nd period - Slapshot by Ilya Lyubushkin.
19:19 of 2nd period - Deflect By Ryan Bourque.
19:19 of 2nd period - Stopped by Pavel Francouz with a rebound.
19:21 of 2nd period - Snap shot by Sam Bennett.
19:21 of 2nd period - Stopped by Pavel Francouz with a rebound.
19:23 of 2nd period - Slapshot by Robbie Russo.
19:23 of 2nd period - Stopped by Pavel Francouz with a rebound.
19:25 of 2nd period - Slapshot by Sven Baertschi.
19:25 of 2nd period - Shot Misses the Net.
19:27 of 2nd period - Slapshot by Ben Hutton.
19:27 of 2nd period - Shot Misses the Net.
19:29 of 2nd period - Snap shot by Sam Bennett.
19:29 of 2nd period - Shot Blocked by Ryan Bourque.
19:39 of 2nd period - Wrist shot by Logan Shaw.
19:39 of 2nd period - Shot Misses the Net.
19:41 of 2nd period - Snap shot by Sam Bennett.
19:41 of 2nd period - Shot Misses the Net.
19:43 of 2nd period - Snap shot by Sven Baertschi.
19:43 of 2nd period - Stopped by Pavel Francouz with a rebound.
19:45 of 2nd period - Slapshot by Ben Hutton.
19:45 of 2nd period - Shot Blocked by Slater Koekkoek.
19:47 of 2nd period - Wrist shot by Sven Baertschi.
19:47 of 2nd period - Shot Misses the Net.
19:49 of 2nd period - Snap shot by Sam Bennett.
19:49 of 2nd period - Stopped by Pavel Francouz with a rebound.
19:51 of 2nd period - Wrist shot by Sam Bennett.
19:51 of 2nd period - Shot Misses the Net.
19:53 of 2nd period - Snap shot by Logan Shaw.
19:53 of 2nd period - Stopped by Pavel Francouz with a rebound.
19:55 of 2nd period - Wrist shot by Sven Baertschi.
19:55 of 2nd period - Shot Blocked by Julian Melchiori.
19:57 of 2nd period - Snap shot by Logan Shaw.
19:57 of 2nd period - Shot Blocked by Julian Melchiori.
19:59 of 2nd period - Snap shot by Logan Shaw.
19:59 of 2nd period - Shot Blocked by Ryan Bourque.
Goals for this period are 1 for Devils vs 0 for Sound Tigers.
Shots for this period are 13 for Devils vs 6 for Sound Tigers.
3rd period
0:01 of 3rd period - Ryan Bourque wins face-off versus Sam Bennett in neutral zone.
0:48 of 3rd period - Slapshot by Brandon Carlo.
0:48 of 3rd period - Shot Misses the Net.
0:50 of 3rd period - Snap shot by Valeri Nichushkin.
0:50 of 3rd period - Shot Misses the Net.
0:52 of 3rd period - Slapshot by Brandon Carlo.
0:52 of 3rd period - Shot Hit the Post.
0:54 of 3rd period - Slapshot by Ben Hutton.
0:54 of 3rd period - Deflect By Alan Quine.
0:54 of 3rd period - Shot Misses the Net.
0:54 of 3rd period - Puck is out of play.
0:55 of 3rd period - Sam Bennett wins face-off versus Pavel Kraskovsky in Sound Tigers zone.
0:56 of 3rd period - Snap shot by Logan Shaw.
0:56 of 3rd period - Deflect By Sam Bennett.
0:56 of 3rd period - Shot Misses the Net.
0:56 of 3rd period - Puck is out of play.
0:57 of 3rd period - Pavel Kraskovsky wins face-off versus Sam Bennett in Sound Tigers zone.
1:18 of 3rd period - Minor Penalty to Sven Baertschi for Slashing.
1:19 of 3rd period - Sam Bennett wins face-off versus Ryan Bourque in Devils zone.
1:30 of 3rd period - Dylan McIlrath is hit by Sam Bennett and loses puck.
3:16 of 3rd period - Christian Wolanin is hit by Julian Melchiori and loses puck.
3:18 of 3rd period - Penalty to Sven Baertschi is over, Sven Baertschi is back on ice.
3:21 of 3rd period - Slapshot by Gabriel Carlsson.
3:21 of 3rd period - Stopped by Calvin Pickard with a rebound.
3:23 of 3rd period - Snap shot by Josh Archibald.
3:23 of 3rd period - Shot Misses the Net.
3:59 of 3rd period - Alan Quine is hit by Connor Murphy.
5:13 of 3rd period - Snap shot by Brett Seney.
5:13 of 3rd period - Shot Blocked by Rhett Gardner.
5:15 of 3rd period - Wrist shot by Conor Garland.
5:15 of 3rd period - Shot Misses the Net.
5:27 of 3rd period - Slapshot by Ben Thomson.
5:27 of 3rd period - Stopped by Calvin Pickard with a rebound.
5:39 of 3rd period - Brett Howden is hit by Ryan Bourque and loses puck.
5:54 of 3rd period - Backhand shot by Sam Bennett.
5:54 of 3rd period - Stopped by Pavel Francouz with a rebound.
5:58 of 3rd period - Wrist shot by Sven Baertschi.
5:58 of 3rd period - Stopped by Pavel Francouz with a rebound.
6:15 of 3rd period - Off-side.
6:16 of 3rd period - Ryan Bourque wins face-off versus Alan Quine in neutral zone.
7:05 of 3rd period - Julian Melchiori is hit by Darren Dietz and loses puck.
7:58 of 3rd period - Minor Penalty to Dylan McIlrath for Roughing.
7:59 of 3rd period - Sam Bennett wins face-off versus James Sheppard in Sound Tigers zone.
8:15 of 3rd period - Snap shot by Logan Shaw.
8:15 of 3rd period - Shot Misses the Net.
8:33 of 3rd period - Wrist shot by Alan Quine.
8:33 of 3rd period - Stopped by Pavel Francouz without a rebound.
8:34 of 3rd period - James Livingstone wins face-off versus Alan Quine in Sound Tigers zone.
8:34 of 3rd period - James Livingstone is hit by Dalton Thrower.
8:44 of 3rd period - Slapshot by Dalton Thrower.
8:44 of 3rd period - Stopped by Pavel Francouz with a rebound.
8:46 of 3rd period - Backhand shot by Joonas Donskoi.
8:46 of 3rd period - Shot Blocked by Slater Koekkoek.
8:48 of 3rd period - Snap shot by Dalton Thrower.
8:48 of 3rd period - Shot Blocked by Julian Melchiori.
9:00 of 3rd period - Sam Bennett is hit by Ben Thomson and loses puck.
9:09 of 3rd period - Backhand shot by Dalton Thrower.
9:09 of 3rd period - Stopped by Pavel Francouz with a rebound.
9:58 of 3rd period - Penalty to Dylan McIlrath is over, Dylan McIlrath is back on ice.
10:20 of 3rd period - Minor Penalty to Jonny Brodzinski for Tripping.
10:21 of 3rd period - Ryan Bourque wins face-off versus Sam Bennett in Devils zone.
10:31 of 3rd period - Sven Baertschi is hit by Slater Koekkoek and loses puck.
10:44 of 3rd period - Slapshot by Ben Thomson.
10:44 of 3rd period - Deflect By Pavel Kraskovsky.
10:44 of 3rd period - Goal by Pavel Kraskovsky - Devils : 1 - Sound Tigers : 1.
10:45 of 3rd period - Sam Bennett wins face-off versus Ryan Bourque in neutral zone.
10:54 of 3rd period - Wrist shot by Borna Rendulic.
10:54 of 3rd period - Goal by Borna Rendulic - Devils : 1 - Sound Tigers : 2.
10:55 of 3rd period - Ryan Bourque wins face-off versus Sam Bennett in neutral zone.
11:20 of 3rd period - Brandon Carlo is hit by Pavel Kraskovsky and loses puck.
11:31 of 3rd period - Wrist shot by James Livingstone.
11:31 of 3rd period - Stopped by Calvin Pickard without a rebound.
11:32 of 3rd period - Logan Shaw wins face-off versus Ryan Bourque in Devils zone.
12:05 of 3rd period - Snap shot by Joonas Donskoi.
12:05 of 3rd period - Stopped by Pavel Francouz without a rebound.
12:06 of 3rd period - Pavel Kraskovsky wins face-off versus Alan Quine in Sound Tigers zone.
12:06 of 3rd period - Pavel Kraskovsky is hit by Joonas Donskoi.
12:34 of 3rd period - Backhand shot by Logan Shaw.
12:34 of 3rd period - Stopped by Pavel Francouz with a rebound.
12:38 of 3rd period - Wrist shot by Logan Shaw.
12:38 of 3rd period - Shot Blocked by Borna Rendulic.
12:40 of 3rd period - Slapshot by Logan Shaw.
12:40 of 3rd period - Shot Blocked by Connor Murphy.
12:48 of 3rd period - Minor Penalty to Ryan Bourque for Tripping.
12:49 of 3rd period - Sam Bennett wins face-off versus James Sheppard in Sound Tigers zone.
12:50 of 3rd period - Snap shot by Logan Shaw.
12:50 of 3rd period - Stopped by Pavel Francouz with a rebound.
12:52 of 3rd period - Wrist shot by Sven Baertschi.
12:52 of 3rd period - Deflect By Sam Bennett.
12:52 of 3rd period - Goal by Sam Bennett - Devils : 2 - Sound Tigers : 2.
12:53 of 3rd period - Ryan Bourque wins face-off versus Sam Bennett in neutral zone.
12:58 of 3rd period - Slapshot by Connor Murphy.
12:58 of 3rd period - Stopped by Calvin Pickard without a rebound.
12:59 of 3rd period - Ryan Bourque wins face-off versus Sam Bennett in Devils zone.
13:13 of 3rd period - Connor Murphy is hit by Sam Bennett and loses puck.
14:00 of 3rd period - Rhett Gardner is hit by Conor Garland.
14:16 of 3rd period - Slapshot by Darren Dietz.
14:16 of 3rd period - Shot Blocked by James Sheppard.
14:18 of 3rd period - Snap shot by Dalton Thrower.
14:18 of 3rd period - Shot Misses the Net.
15:35 of 3rd period - Slapshot by Julian Melchiori.
15:35 of 3rd period - Stopped by Calvin Pickard without a rebound.
15:36 of 3rd period - Rhett Gardner wins face-off versus Alan Quine in Devils zone.
15:39 of 3rd period - Snap shot by Scott Glennie.
15:39 of 3rd period - Stopped by Calvin Pickard with a rebound.
15:49 of 3rd period - Slapshot by Brandon Carlo.
15:49 of 3rd period - Shot Blocked by Gabriel Carlsson.
15:51 of 3rd period - Backhand shot by Alan Quine.
15:51 of 3rd period - Stopped by Pavel Francouz with a rebound.
16:35 of 3rd period - Snap shot by Borna Rendulic.
16:35 of 3rd period - Shot Misses the Net.
16:45 of 3rd period - Slater Koekkoek is hit by Darren Dietz and loses puck.
16:53 of 3rd period - Off-side.
16:54 of 3rd period - Reid Boucher wins face-off versus Rhett Gardner in neutral zone.
17:19 of 3rd period - Sam Bennett is hit by Julian Melchiori and loses puck.
17:55 of 3rd period - Icing by Dylan McIlrath.
17:56 of 3rd period - Pavel Kraskovsky wins face-off versus Reid Boucher in Sound Tigers zone.
18:01 of 3rd period - Wrist shot by James Livingstone.
18:01 of 3rd period - Shot Misses the Net.
18:03 of 3rd period - Slapshot by James Livingstone.
18:03 of 3rd period - Shot Misses the Net.
18:07 of 3rd period - Slapshot by James Livingstone.
18:07 of 3rd period - Goal by James Livingstone - Devils : 2 - Sound Tigers : 3.
18:08 of 3rd period - Rhett Gardner wins face-off versus Reid Boucher in neutral zone.
18:24 of 3rd period - Icing by Brett Seney.
18:25 of 3rd period - Reid Boucher wins face-off versus Ryan Bourque in Devils zone.
18:25 of 3rd period - Reid Boucher is hit by Borna Rendulic.
18:51 of 3rd period - Devils, Calvin Pickard is pulled from the net.
18:55 of 3rd period - Backhand shot by Reid Boucher.
18:55 of 3rd period - Shot Blocked by Connor Murphy.
18:57 of 3rd period - Snap shot by Reid Boucher.
18:57 of 3rd period - Shot Misses the Net.
18:59 of 3rd period - Wrist shot by Reid Boucher.
18:59 of 3rd period - Shot Blocked by Tyrell Goulbourne.
19:01 of 3rd period - Snap shot by Conor Garland.
19:01 of 3rd period - Shot Blocked by Connor Murphy.
19:03 of 3rd period - Snap shot by Darren Dietz.
19:03 of 3rd period - Deflect By Brett Seney.
19:03 of 3rd period - Stopped by Pavel Francouz without a rebound.
19:04 of 3rd period - Larry Robinson call a timeout for Devils.
19:04 of 3rd period - Sam Bennett wins face-off versus Ryan Bourque in Sound Tigers zone.
19:07 of 3rd period - Wrist shot by Logan Shaw.
19:07 of 3rd period - Shot Misses the Net.
19:29 of 3rd period - Wrist shot by James Sheppard.
19:29 of 3rd period - Shot Misses the Net.
19:31 of 3rd period - Wrist shot by Ryan Bourque.
19:31 of 3rd period - Goal by Ryan Bourque - Devils : 2 - Sound Tigers : 4.
19:31 of 3rd period - Calvin Pickard from Devils was sent back in the game.
19:32 of 3rd period - Reid Boucher wins face-off versus Tyrell Goulbourne in neutral zone.
19:57 of 3rd period - Brad Ross is hit by Valeri Nichushkin and loses puck.
Goals for this period are 1 for Devils vs 4 for Sound Tigers.
Shots for this period are 11 for Devils vs 10 for Sound Tigers.